Map: Thunderbird LE

Players

SortOf

  • Race: Zerg Zerg
  • Spawn Location: 5:00

Creature - Winner!

  • Race: Protoss Protoss
  • Spawn Location: 11:00

VOD

Have the link to the VOD?

Description

Time

  • Played on: Sept. 6, 2019, 12:37 p.m.
  • Length: 12:12
Show
View Real Time Build Order
Export as new Build Order

SortOf Zerg 

Build Orders: Hatch First, Muta Ling Bane 

Get SALT Encoding   

  12  0:01  Drone  
  13  0:12  Overlord  
  13  0:17  Drone  
  14  0:31  Drone x2  
  16  0:49  Hatchery  
  15  0:52  Drone  
  15  0:55  Drone  
  17  0:58  Drone  
  18  1:10  Extractor  
  17  1:14  Spawning Pool  
  17  1:16  Drone  
  17  1:20  Drone  
  18  1:29  Drone  
  19  1:39  Drone  
  20  1:50  Overlord  
  20  2:01  Queen x2  
  20  2:03  Zergling x4  
  26  2:12  Drone  
  26  2:13  Metabolic Boost, Drone  
  28  2:22  Drone  
  29  2:24  Drone  
  30  2:35  Hatchery  
  29  2:46  Pneumatized Carapace  
  29  2:48  Zergling x2  
  29  2:50  Drone x2  
  32  2:53  Overlord  
  32  2:56  Drone  
  33  3:01  Drone  
  33  3:05  Queen  
  36  3:13  Drone x2  
  36  3:17  Drone x3  
  36  3:18  Drone  
  42  3:23  Overlord  
  42  3:30  Drone  
  42  3:31  Drone  
  44  3:40  Lair  
  44  3:42  Drone  
  44  3:44  Roach Warren  
  48  3:48  Drone x4  
  48  3:51  Drone x2  
  48  3:53  Drone  
  51  3:57  Queen  
  51  4:00  Extractor  
  51  4:01  Extractor  
  51  4:02  Drone  
  52  4:03  Drone  
  52  4:05  Spore Crawler  
  52  4:10  Drone x3  
  52  4:13  Overlord  
  55  4:18  Queen  
  55  4:22  Zergling x2  
  55  4:24  Overlord  
  58  4:31  Overlord  
  58  4:33  Roach  
  58  4:34  Roach x2  
  66  4:38  Roach  
  66  4:42  Roach x3  
  66  4:43  Overseer  
  70  4:47  Drone x3  
  70  4:49  Glial Reconstitution  
  70  4:51  Drone  
  74  4:57  Drone x3, Overseer  
  77  5:03  Drone x2  
  77  5:06  Overlord  
  79  5:07  Drone x3  
  79  5:13  Overlord  
  82  5:16  Extractor  
  82  5:17  Extractor  
  82  5:19  Spire  
  79  5:21  Drone  
  79  5:22  Drone x2  
  79  5:25  Roach  
  79  5:26  Roach  
  79  5:27  Drone  
  87  5:32  Drone x4  
  87  5:35  Drone x2  
  93  5:39  Drone x4  
  97  5:47  Overlord  
  94  5:55  Drone x3  
  95  5:59  Extractor  
  95  6:02  Overlord  
  94  6:05  Roach  
  94  6:06  Overlord x2  
  94  6:08  Drone x3  
  94  6:10  Roach x3  
  105  6:16  Infestation Pit  
  104  6:26  Drone x2  
  104  6:27  Baneling Nest, Evolution Chamber  
  104  6:29  Hatchery  
  104  6:30  Overlord  
  104  6:31  Roach x4  
  111  6:33  Overlord  
  111  6:37  Mutalisk x2  
  111  6:38  Mutalisk  
  117  6:40  Mutalisk  
  117  6:42  Mutalisk  
  117  6:45  Overlord  
  121  6:49  Roach x2  
  121  6:54  Roach x3  
  131  7:02  Overlord, Roach  
  131  7:03  Roach x2  
  137  7:08  Overlord  
  137  7:13  Zergling x8  
  140  7:17  Ravager x3  
  140  7:18  Overlord  
  140  7:19  Roach  
  140  7:20  Roach x3  
  152  7:22  Ravager  
  152  7:24  Baneling  
  152  7:25  Zergling x4  
  154  7:31  Zergling x14  
  161  7:39  Zergling x4  
  161  7:43  Zergling x4, Ravager x4  
  169  7:47  Roach  
  168  7:55  Roach x5  
  180  8:04  Overlord x2  
  177  8:05  Hive  
  177  8:06  Zerg Melee Weapons Level 1  
  173  8:20  Centrifical Hooks  
  173  8:21  Hatchery  
  173  8:23  Overlord x2  
  173  8:24  Mutalisk x2  
  173  8:26  Zergling x10  
  181  8:37  Hatchery  
  181  8:38  Drone x3  
  181  8:40  Baneling x10  
  183  8:43  Drone x5  
  188  8:48  Drone x4  
  188  8:49  Extractor  
  188  8:54  Extractor  
  190  9:00  Overlord  
  190  9:04  Zergling x10  
  195  9:13  Zergling x10  
  200  9:21  Adrenal Glands, Greater Spire  
  200  9:27  Baneling x16  
  200  9:28  Overlord  
  198  9:41  Overlord  
  198  9:52  Zergling x4  
  198  10:02  Spore Crawler  
  198  10:03  Spore Crawler  
  198  10:06  Spine Crawler  
  195  10:08  Overseer, Spine Crawler  
  195  10:09  Spine Crawler x2  
  195  10:10  Spine Crawler  
  191  10:19  Baneling x30  
  191  10:25  Zergling x18  
  200  10:33  Zergling x34  
  183  10:38  Zergling x2  
  159  10:49  Roach x6  
  143  10:50  Zergling x2  
  143  10:52  Zergling x4  
  143  10:54  Overseer  
  129  10:57  Roach  
  129  11:00  Roach  
  129  11:01  Roach x2  
  129  11:03  Roach  
  129  11:04  Roach x3  
  137  11:06  Roach  
  134  11:16  Roach x3  
  134  11:18  Roach  
  114  11:20  Roach  
  114  11:23  Roach  
  87  11:27  Zergling x2, Roach  
  77  11:33  Ravager, Roach  
  77  11:34  Roach x2  
  77  11:38  Roach  
  77  11:39  Roach x2  
  86  11:41  Ravager  
  86  11:42  Ravager  
  86  11:43  Ravager  
  80  11:49  Roach  
  80  11:51  Roach x3  
  75  12:04  Ravager  
  75  12:05  Ravager  
Show
View Real Time Build Order
Export as new Build Order

Creature Protoss - Winner!

Build Orders: 1 Gate Expand, Archon Immortal, Archon Drop, Dark Templar Rush 

Get SALT Encoding   

  12  0:00  Probe  
  13  0:12  Probe  
  14  0:18  Pylon  
  14  0:24  Probe  
  15  0:32  Probe  
  15  0:38  Gateway  
  15  0:41  Probe  
  16  0:47  Assimilator  
  17  0:51  Probe  
  18  1:03  Probe  
  19  1:15  Probe  
  20  1:25  Nexus  
  20  1:35  Cybernetics Core  
  20  1:38  Probe  
  21  1:45  Assimilator  
  21  1:49  Pylon  
  21  1:52  Probe  
  22  2:03  Adept  
  22  2:05  Probe  
  25  2:17  Probe, Twilight Council  
  25  2:20  Warp Gate  
  26  2:29  Probe  
  27  2:34  Probe, Stalker  
  29  2:41  Probe  
  29  2:43  Probe  
  31  2:46  Robotics Facility  
  32  2:52  Probe  
  32  2:53  Probe  
  34  3:00  Probe  
  35  3:06  Probe  
  35  3:08  Probe  
  36  3:13  Dark Shrine  
  36  3:18  Probe  
  36  3:19  Probe  
  38  3:20  Gateway  
  38  3:24  Gateway  
  38  3:26  Warp Prism  
  39  3:30  Probe  
  40  3:39  Probe  
  43  3:42  Probe  
  43  3:46  Pylon  
  44  3:50  Assimilator  
  44  3:51  Probe  
  44  3:52  Assimilator  
  44  3:54  Probe  
  46  4:00  Pylon  
  46  4:04  Probe  
  46  4:06  Probe  
  48  4:16  Probe  
  49  4:18  Probe  
  49  4:22  Nexus  
  50  4:29  Probe  
  51  4:32  Dark Templar x2  
  51  4:33  Dark Templar  
  51  4:35  Pylon  
  57  4:45  Probe  
  58  4:47  Pylon  
  58  4:48  Forge  
  58  4:49  Observer  
  59  4:54  Probe  
  59  4:58  Archon  
  59  4:59  Probe  
  61  5:05  Protoss Ground Weapons Level 1, Dark Templar x2  
  65  5:07  Charge  
  65  5:09  Archon  
  65  5:11  Probe  
  65  5:13  Probe  
  67  5:14  Shield Battery  
  67  5:17  Immortal  
  67  5:24  Probe  
  67  5:25  Probe  
  73  5:31  Probe  
  73  5:33  Probe  
  74  5:37  Probe  
  74  5:39  Probe  
  74  5:41  Probe  
  76  5:43  Gateway  
  76  5:45  Gateway  
  76  5:46  Immortal, Gateway  
  79  5:50  Probe  
  79  5:54  Probe  
  78  6:00  Probe, Sentry  
  78  6:02  Probe  
  78  6:03  Pylon  
  86  6:05  Gateway  
  86  6:08  Gateway  
  86  6:10  Sentry x2  
  90  6:17  Immortal  
  90  6:20  Probe  
  91  6:25  Assimilator  
  91  6:26  Assimilator  
  91  6:28  Pylon  
  91  6:29  Pylon  
  95  6:32  Sentry  
  95  6:35  Probe  
  95  6:37  Probe  
  99  6:40  Pylon  
  99  6:46  Probe  
  100  6:51  Dark Templar x2  
  100  6:52  Zealot x3  
  110  6:55  Pylon x2  
  110  7:00  Archon, Dark Templar x2  
  114  7:06  Archon  
  114  7:11  Photon Cannon  
  114  7:13  Photon Cannon  
  114  7:18  Dark Templar x2  
  114  7:19  Zealot x2  
  114  7:20  Protoss Ground Weapons Level 2  
  114  7:22  Archon  
  122  7:23  Zealot  
  122  7:24  Zealot  
  126  7:34  Stalker x2  
  130  7:47  Zealot x2  
  128  7:56  Stalker x3  
  132  8:02  Probe  
  131  8:05  Photon Cannon  
  131  8:08  Stalker  
  131  8:12  Probe x2  
  130  8:14  Probe  
  130  8:15  Pylon  
  131  8:21  Pylon  
  131  8:24  Probe  
  132  8:29  Pylon  
  132  8:36  Immortal  
  132  8:43  Dark Templar  
  132  8:44  Dark Templar x3  
  132  8:45  Zealot x2  
  132  8:48  Archon x2  
  148  8:52  Templar Archives  
  148  9:03  Probe x2  
  148  9:09  Gateway, Stalker x2  
  154  9:10  Gateway  
  154  9:13  Dark Templar  
  154  9:16  Pylon  
  156  9:19  Pylon  
  156  9:24  Immortal  
  156  9:27  Nexus  
  156  9:32  Pylon, Probe  
  156  9:35  Pylon  
  161  9:42  Stalker x2  
  163  9:48  High Templar x3  
  163  9:49  High Templar, Dark Templar  
  173  9:57  Archon x3  
  173  10:02  Stalker  
  175  10:10  Pylon, Blink  
  175  10:23  Zealot  
  175  10:24  Zealot x6  
  120  10:44  Stalker x3  
  120  10:45  Stalker x7  
  105  11:21  Zealot x6  
  105  11:22  Zealot  
  113  11:41  Probe  
  113  11:43  Pylon  
  113  11:44  Pylon  
  106  11:52  Zealot x6  
  112  11:54  Zealot  
  112  11:55  Probe  
  111  12:09  Zealot  
Tags
 
Add a new tag
Caveats
  • Supply blocks, unpowered buildings, or Contaminate may cause inaccurate times.
  • Supply counts are checked every 10 seconds.